 Dungeon Crawl Stone Soup version 0.20.1-1-g8b1a95d (webtiles) character file.

15968 Inarius the Lord of Darkness (level 12, -17/111 HPs)
             Began as a Hill Orc Necromancer on July 3, 2017.
             Was the Champion of Kikubaaqudgha.
             Killed from afar by a raiju (22 damage)
             ... with a living lightning
             ... on level 2 of the Abyss.
             The game lasted 01:27:05 (15955 turns).

Inarius the Lord of Darkness (HONe)                Turns: 15955, Time: 01:27:05

Health: -17/111    AC: 15    Str: 12    XL:     12   Next: 32%
Magic:  22/24      EV:  8    Int: 19    God:    Kikubaaqudgha [******]
Gold:   515        SH:  0    Dex: 11    Spells: 3/27 levels left

rFire    . . .     SeeInvis .   i - +5 spear (pain)
rCold    . . .     Gourm    .   (no shield)
rNeg     . . .     Faith    .   L - +0 chain mail
rPois    +         Spirit   .   Y - +1 helmet
rElec    .         Reflect  .   I - +0 cloak
rCorr    .         Harm     .   (no gloves)
MR       .....                  (no boots)
Stlth    ..........             P - amulet of rage
Regen    1.3/turn               p - ring of poison resistance
MPRegen  0.2/turn               (no ring)

@: about to teleport, very slightly contaminated, regenerating (expiring)
A: icy blue scales 1, blink, blurry vision 1, poison resistance, robust 1,
sturdy frame 2
a: Blink, Receive Corpses, Torment, Brand Weapon With Pain, Receive
Necronomicon, Renounce Religion, Evoke Berserk Rage


You were on level 2 of the Abyss.
You worshipped Kikubaaqudgha.
Kikubaaqudgha was exalted by your worship.
You were hungry.

You visited 1 branch of the dungeon, and saw 11 of its levels.
You visited the Abyss 1 time.
You also visited: Ossuary.

You collected 515 gold pieces.

Inventory:

Hand Weapons
 i - a +5 spear of pain (weapon)
 H - a +1 scimitar of protection
 T - a +3 dagger of chaos
Armour
 I - a +0 cloak (worn)
 L - a +0 chain mail (worn)
 Y - a +1 helmet (worn)
Jewellery
 p - a ring of poison resistance (left hand)
 q - an uncursed ring of ice
 P - an amulet of rage (around neck)
Wands
 a - a wand of disintegration (11/24)
 D - a wand of iceblast (5/15)
 F - a wand of confusion (24/48)
 G - a wand of iceblast (7/15)
 J - a wand of iceblast (10/15)
 R - a wand of disintegration (9/24)
 S - a wand of flame (43/48)
Scrolls
 f - 4 scrolls of amnesia
 g - 3 scrolls of remove curse
 h - 3 scrolls of teleportation
 n - a scroll of immolation
 s - 3 scrolls of fear
 t - 2 scrolls of fog
 E - 2 scrolls of magic mapping
 N - a scroll of enchant armour
 Q - 2 scrolls of recharging
Potions
 d - 4 potions of mutation
 e - a potion of cancellation
 k - 3 potions of haste {unknown}
 l - 2 potions of flight
 r - 2 potions of agility
 u - 2 potions of brilliance {unknown}
 z - 5 potions of lignification
 A - 2 potions of ambrosia {unknown}
 C - 3 potions of might {unknown}
 O - a potion of resistance {unknown}
 X - a potion of degeneration {unknown}
Books
 b - a book of Necromancy

   Spells                             Type                      Level
   a - Pain                           Necromancy                   1
   b - Animate Skeleton               Necromancy                   1
   c - Vampiric Draining              Necromancy                   3
   d - Regeneration                   Charms/Necromancy            3
   e - Animate Dead                   Necromancy                   4
   f - Control Undead                 Necromancy                   4
 j - Kikubaaqudgha's Guide on Darkness
   (Kikubaaqudgha gifted it to you on level 3 of the Dungeon)

   Spells                             Type                      Level
   a - Animate Skeleton               Necromancy                   1
   b - Corpse Rot                     Necromancy                   2
   c - Sublimation of Blood           Necromancy                   2
   d - Regeneration                   Charms/Necromancy            3
   e - Control Undead                 Necromancy                   4
 B - Kikubaaqudgha's Grimoire of Necromancy
   (Kikubaaqudgha gifted it to you on level 5 of the Dungeon)

   Spells                             Type                      Level
   a - Animate Dead                   Necromancy                   4
   b - Excruciating Wounds            Charms/Necromancy            5
   c - Cigotuvi's Embrace             Necromancy                   5
   d - Dispel Undead                  Necromancy                   5
   e - Simulacrum                     Ice/Necromancy               6
Miscellaneous
 w - a crystal ball of energy
 W - a fan of gales
Comestibles
 m - 7 meat rations
 v - 9 royal jellies
 M - 2 fruits


   Skills:
 + Level 7.9 Fighting
 - Level 0.8 Short Blades
 + Level 4.9 Polearms
 - Level 6.1 Armour
 - Level 1.7 Dodging
 - Level 1.5 Stealth
 + Level 8.0 Spellcasting
 + Level 3.2 Charms
 + Level 13.0 Necromancy
 + Level 3.0 Ice Magic
 + Level 0.2 Evocations


You had 3 spell levels left.
You knew the following spells:

 Your Spells              Type           Power        Failure   Level  Hunger
a - Pain                  Necr           ####         1%          1    None
b - Animate Skeleton      Necr           N/A          1%          1    None
c - Regeneration          Chrm/Necr      #####.....   5%          3    None
d - Control Undead        Necr           ######....   2%          4    ###....
e - Animate Dead          Necr           N/A          2%          4    ###....
f - Simulacrum            Ice/Necr       #####.....   97%         6    ######.
g - Dispel Undead         Necr           ######..     7%          5    #####..


Dungeon Overview and Level Annotations

Branches:
Dungeon (11/15)            Temple (0/1) D:6            Lair (0/6) D:8
    Orc (0/2) D:10

Altars:
Fedhas
Gozag
Kikubaaqudgha
Ru
Trog
Vehumet
Zin

Shops:
D:4 (   D:7 (

Annotations:
D:7 2 transporters


Innate Abilities, Weirdness & Mutations

You are partially covered in icy blue scales. (AC +2)
You can translocate small distances at will.
Scrolls take you a little longer to read.
Your system is resistant to poisons. (rPois)
You are robust. (+10% HP)
Your movements are less encumbered by armour. (ER -4)


Message History

The large abomination is moderately damaged.
The large abomination hits you!
* * * LOW HITPOINT WARNING * * *
You feel much better.
Your skin is crawling a little less now.
The large abomination hits you!
* * * LOW HITPOINT WARNING * * *
Really read with blurry vision while enemies are nearby?
You begin reading the scroll.
You continue reading the scroll.
The large abomination hits you!!
* * * LOW HITPOINT WARNING * * *
Blink to where?
Press: ? - help, Dir - move target cursor, p - large abomination You are very lightly contaminated with residual magic.
As you read the scroll of blinking, it crumbles to dust.
A raiju comes into view.
The raiju bursts into living lightning!
The living lightning hits you!
You die...
Kikubaaqudgha rasps: "You have failed me!
Welcome... death!"

### ###ยง#
#...# .
#X### ...
#.##..#
#@...#
#.#### ...
.....
h.....#
........
.........#
.........##


You could see a large abomination and a raiju.

Vanquished Creatures
  3 two-headed ogres
  A hell knight (D:11)
  A cyclops (D:10)
  Psyche (D:8)
  Joseph (D:8)
  The ghost of vishdafish the Poker, a novice DsFi of Makhleb (D:5)
  A komodo dragon (D:7)
  4 kobold demonologists (D:11)
  A freezing wraith (D:11)
  A troll (D:11)
  An ancient zyme (Abyss:2)
  A queen bee (D:11)
  Grinder (D:6)
  A shadow (D:11)
  A wyvern (D:7)
  3 yaks (D:9)
  Eustachio (D:6)
  2 basilisks (D:8)
  A vampire mosquito (D:8)
  An acid dragon (D:9)
  A water moccasin (D:9)
  4 sky beasts
  7 orc warriors
  3 ice beasts
  5 phantoms
  A necrophage (D:9)
  3 eyes of draining (D:4)
  6 ogres
  5 centaurs
  2 elf zombies (Ossuary)
  A big kobold (D:11)
  3 bullfrogs
  A gnoll sergeant (D:11)
  A wyvern zombie (D:6)
  A wyvern skeleton (D:11)
  3 scorpions
  10 killer bees (D:11)
  9 wights
  A howler monkey (D:5)
  2 crimson imps
  A bullfrog zombie (D:6)
  3 centaur zombies (Ossuary)
  5 centaur skeletons
  7 orc priests
  6 hounds
  2 human zombies (Ossuary)
  A jelly (D:8)
  12 orc wizards
  3 bullfrog skeletons
  A small abomination (Abyss:2)
  5 worker ants
  A hound zombie (D:11)
  2 mummies (Ossuary)
  A worker ant zombie (D:6)
  A howler monkey skeleton (D:5)
  11 adders
  11 gnolls
  An ooze (D:3)
  3 adder zombies
  4 dart slugs
  11 leopard geckos
  58 orcs
  2 bats
  10 giant cockroaches
  3 hobgoblins
  14 jackals
  13 kobolds
  7 quokkas
  2 ball pythons
  4 frilled lizards
  6 goblins
  2 goblin zombies (Ossuary)
  6 hobgoblin zombies (Ossuary)
  11 kobold zombies (Ossuary)
  A leopard gecko skeleton (D:4)
  8 orc zombies (Ossuary)
  5 rats
  A rat zombie (Ossuary)
342 creatures vanquished.

Vanquished Creatures (collateral kills)
  A hydra (D:11)
  A two-headed ogre (D:10)
  The ghost of vishdafish the Chopper, a novice DsFi of Nemelex Xobeh (D:8)
  A basilisk (D:11)
  2 hungry ghosts
  A vampire mosquito (D:8)
  An acid dragon (D:8)
  3 hell hounds (D:11)
  An orc warrior (D:11)
  A phantom (D:6)
  A sky beast (D:5)
  2 ogres
  5 centaurs (D:11)
  A big kobold (D:9)
  A gnoll sergeant (D:11)
  A scorpion (D:11)
  5 killer bees (D:11)
  5 wights
  2 crimson imps
  A bullfrog zombie (D:8)
  2 orc priests
  3 orc wizards
  A bullfrog skeleton (D:11)
  An iguana (D:6)
  A worker ant (D:5)
  An adder (D:7)
  2 gnolls (D:11)
  An adder zombie (D:7)
  11 orcs
  A hobgoblin (D:1)
  A kobold (D:9)
  A bat (D:1)
  A frilled lizard (D:3)
64 creatures vanquished.

Vanquished Creatures (others)
  3 orcs (D:10)
3 creatures vanquished.

Grand Total: 409 creatures vanquished

Notes
Turn   | Place    | Note
-------+----------+-------------------------------------------
     0 | D:1      | Inarius the Hill Orc Necromancer began the quest for the Orb.
     0 | D:1      | Reached XP level 1. HP: 14/14 MP: 3/3
   135 | D:1      | Learned a level 1 spell: Animate Skeleton
   236 | D:1      | Reached XP level 2. HP: 10/20 MP: 0/4
   726 | D:1      | Gained mutation: Scrolls take you a little longer to read. [potion of mutation]
   726 | D:1      | Gained mutation: Your system is resistant to poisons. (rPois) [potion of mutation]
   726 | D:1      | Gained mutation: You are robust. (+10% HP) [potion of mutation]
  1046 | D:2      | Reached XP level 3. HP: 25/29 MP: 0/5
  1155 | D:2      | Found an ancient bone altar of Kikubaaqudgha.
  1161 | D:2      | Became a worshipper of Kikubaaqudgha
  1179 | D:2      | Learned a level 3 spell: Regeneration
  1207 | D:2      | Reached skill level 1 in Armour
  1255 | D:2      | Reached skill level 1 in Fighting
  1777 | D:3      | Reached XP level 4. HP: 36/38 MP: 4/7
  2085 | D:3      | Reached * piety under Kikubaaqudgha
  2085 | D:3      | Identified Kikubaaqudgha's Guide on Darkness (Kikubaaqudgha gifted it to you on level 3 of the Dungeon)
  2085 | D:3      | Received a gift from Kikubaaqudgha
  2752 | D:4      | Reached skill level 5 in Necromancy
  2752 | D:4      | Reached XP level 5. HP: 34/45 MP: 8/8
  3038 | D:4      | Reached skill level 1 in Polearms
  3168 | D:4      | Found a sand-covered staircase.
  3172 | Ossuary  | Entered an ossuary
  3323 | Ossuary  | Reached ** piety under Kikubaaqudgha
  3449 | Ossuary  | Reached skill level 1 in Charms
  3449 | Ossuary  | Reached XP level 6. HP: 37/55 MP: 5/9
  3889 | Ossuary  | Reached XP level 7. HP: 49/66 MP: 7/10
  3908 | Ossuary  | Learned a level 4 spell: Control Undead
  4145 | D:4      | Found a bloodstained altar of Trog.
  4320 | D:4      | Reached skill level 5 in Fighting
  4331 | D:4      | Reached skill level 6 in Necromancy
  4447 | D:4      | Reached XP level 8. HP: 71/74 MP: 7/12
  4553 | D:4      | Found Toschu's Weapon Emporium.
  4736 | D:4      | Learned a level 4 spell: Animate Dead
  4953 | D:5      | Entered Level 5 of the Dungeon
  5044 | D:5      | Reached *** piety under Kikubaaqudgha
  5044 | D:5      | Identified Kikubaaqudgha's Grimoire of Necromancy (Kikubaaqudgha gifted it to you on level 5 of the Dungeon)
  5044 | D:5      | Received a gift from Kikubaaqudgha
  5257 | D:5      | Reached skill level 7 in Necromancy
  5336 | D:5      | Noticed vishdafish's ghost (novice DsFi)
  5620 | D:6      | Reached skill level 8 in Necromancy
  5653 | D:6      | Reached XP level 9. HP: 21/82 MP: 6/14
  6185 | D:6      | Noticed Grinder
  6186 | D:6      | Found a blossoming altar of Fedhas.
  6250 | D:6      | Killed Grinder
  6460 | D:6      | Found a staircase to the Ecumenical Temple.
  6519 | D:6      | Reached skill level 9 in Necromancy
  6524 | D:6      | Found a radiant altar of Vehumet.
  7447 | D:6      | Found a glowing silver altar of Zin.
  7477 | D:6      | Noticed Eustachio
  7489 | D:6      | Killed Eustachio
  7772 | D:7      | Reached skill level 10 in Necromancy
  7786 | D:7      | Reached **** piety under Kikubaaqudgha
  7945 | D:7      | Gained mutation: Your movements are slightly less encumbered by armour. (ER -2) [mutagenic meat]
  7946 | D:7      | Gained mutation: You are partially covered in icy blue scales. (AC +2) [mutagenic meat]
  7947 | D:7      | Gained mutation: Your movements are less encumbered by armour. (ER -4) [mutagenic meat]
  8331 | D:5      | Gained mutation: You possess an exceptional clarity of mind. [mutagenic meat]
  8332 | D:5      | Gained mutation: You can translocate small distances at will. [mutagenic meat]
  8336 | D:5      | Lost mutation: You possess an exceptional clarity of mind. [mutagenic meat]
  8757 | D:7      | Reached skill level 5 in Spellcasting
  8757 | D:7      | Reached XP level 10. HP: 92/92 MP: 15/17
  9066 | D:7      | Found Ludink's Antique Weapon Shop.
  9139 | D:7      | Noticed a deep elf mage
  9141 | D:7      | Noticed a cyclops
  9158 | D:7      | Found an opulent altar of Gozag.
  9158 | D:7      | Found a radiant altar of Vehumet.
  9159 | D:7      | Found a bloodstained altar of Trog.
  9162 | D:7      | Found a transporter.
  9174 | D:7      | Found a transporter.
  9562 | D:8      | Noticed Joseph
  9592 | D:8      | Killed Joseph
  9860 | D:8      | Learned a level 6 spell: Simulacrum
  9955 | D:8      | Found a sacrificial altar of Ru.
  9982 | D:8      | Noticed Psyche
  9992 | D:8      | Killed Psyche
  9992 | D:8      | Reached skill level 11 in Necromancy
 10034 | D:8      | Reached ***** piety under Kikubaaqudgha
 10147 | D:8      | Noticed a two-headed ogre
 10165 | D:8      | Killed a two-headed ogre
 10350 | D:8      | Reached skill level 5 in Armour
 10795 | D:8      | Found a staircase to the Lair.
 10795 | D:8      | Noticed a two-headed ogre
 10907 | D:8      | Killed a two-headed ogre
 10907 | D:8      | Reached XP level 11. HP: 93/101 MP: 11/20
 11047 | D:8      | Noticed vishdafish's ghost (novice DsFi)
 11095 | D:8      | Killed vishdafish's ghost
 11193 | D:5      | Killed vishdafish's ghost
 11604 | D:9      | Reached skill level 1 in Ice Magic
 12013 | D:10     | Entered Level 10 of the Dungeon
 12342 | D:10     | Found a staircase to the Orcish Mines.
 12450 | D:10     | Found a radiant altar of Vehumet.
 12489 | D:10     | Noticed a two-headed ogre
 12897 | D:10     | Noticed a two-headed ogre
 12910 | D:10     | Killed a two-headed ogre
 12910 | D:10     | Reached skill level 12 in Necromancy
 12993 | D:10     | Killed a two-headed ogre
 13282 | D:10     | Noticed a cyclops
 13312 | D:10     | Killed a cyclops
 13530 | D:10     | Learned a level 5 spell: Dispel Undead
 13895 | D:11     | Noticed a sixfirhy
 13896 | D:11     | Noticed a soul eater
 14282 | D:11     | Reached XP level 12. HP: 60/111 MP: 0/23
 14449 | D:11     | Reached ****** piety under Kikubaaqudgha
 14876 | D:11     | Noticed a six-headed hydra
 15041 | D:11     | Killed a six-headed hydra
 15294 | D:11     | Noticed a hell knight
 15320 | D:11     | Killed a hell knight
 15485 | D:11     | Noticed a hell knight
 15564 | D:11     | Noticed a hell knight
 15571 | D:11     | Cast into level 2 of the Abyss (hell knight)
 15765 | Abyss:2  | Reached skill level 13 in Necromancy
 15949 | Abyss:2  | HP: 5/111 [large abomination (26)]
 15954 | Abyss:2  | HP: 3/111 [large abomination (24)]
 15955 | Abyss:2  | Killed from afar by a raiju

Skill      XL: |  1  2  3  4  5  6  7  8  9 10 11 12 |
---------------+-------------------------------------+-----
Armour         | 1 3 5 6 |  6.1
Fighting       | 1 2 4 5 6 7 |  7.9
Spellcasting   | 2 3 5 6 7 8 |  8.0
Necromancy     | 5 6 8 10 11 12 13 | 13.0
Polearms       | 1 2 4 |  4.9
Charms         | 1 2 3 |  3.2
Ice Magic      | 3 |  3.0
Short Blades   | |  0.8
Dodging        | |  1.7
Stealth        | |  1.5
Evocations     | |  0.2

Action                   |  1- 3 |  4- 6 |  7- 9 | 10-12 || total
-------------------------+-------+-------+-------+-------++-------
Melee: Club              |     8 |       |       |       ||     8
       Mace              |    16 |       |       |       ||    16
       Spear             |    33 |   247 |   306 |   666 ||  1252
       Dagger            |       |       |       |     7 ||     7
       Short sword       |       |       |       |    30 ||    30
 Cast: Pain              |    17 |    10 |    81 |   116 ||   224
       Animate Skeleton  |    11 |    10 |    14 |    20 ||    55
       Regeneration      |       |     8 |     9 |    36 ||    53
       Animate Dead      |       |       |    10 |    38 ||    48
       Control Undead    |       |       |    18 |    28 ||    46
       Dispel Undead     |       |       |       |     4 ||     4
Invok: Receive Corpses   |       |       |       |     3 ||     3
Evoke: Wand              |       |       |     1 |     1 ||     2
  Use: Scroll            |    10 |     2 |     4 |    17 ||    33
       Potion            |     1 |       |     2 |    12 ||    15
 Stab: Sleeping          |     4 |     2 |     1 |       ||     7
       Paralysed         |       |       |     2 |       ||     2
       Distracted        |       |       |       |     3 ||     3
  Eat: Chunk             |     3 |     6 |    23 |    23 ||    55
       Bread ration      |       |     1 |     2 |     2 ||     5
       Fruit             |       |       |       |     6 ||     6
Armor: Robe              |    13 |       |       |       ||    13
       Leather armour    |     4 |    49 |    49 |       ||   102
       Scale mail        |       |       |    15 |       ||    15
       Chain mail        |       |       |     6 |   378 ||   384
Dodge: Dodged            |    39 |   125 |   119 |   293 ||   576
